 Dungeon Crawl Stone Soup version 0.32-a0-13-gbaedc5810e (webtiles) character file.

Game seed: 8330537836308181500

1533 Descartes the Sneak (level 8, -2/42 HPs)
             Began as a Felid Shapeshifter on Jan 15, 2024.
             Slain by a killer bee (5 damage)
             ... on level 6 of the Dungeon.
             The game lasted 00:07:27 (4085 turns).

Descartes the Sneak (Felid Shapeshifter)            Turns: 4085, Time: 00:07:28

Health: -2/42      AC:  6    Str: 12    XL:     8   Next: 55%
Magic:  9/9        EV: 20    Int: 15    God:
Gold:   281        SH:  0    Dex: 15    Spells: 7/7 levels left
                                        Lives:  0   Deaths: 3

rFire   + .          .
                       - Unarmed
rCold   x . .        (shield unavailable)
rNeg    . . .        (body armour unavailable)
rPois   .            (helmet unavailable)
rElec   .            (cloak unavailable)
rCorr   .            (gloves unavailable)
SInv    +            (boots unavailable)
Will    +....        (no amulet)
Stlth   ++++         l - ring of protection from fire
HPRegen 0.27/turn    m - +4 ring of protection
MPRegen 0.11/turn

%: no passive effects
@: lethally poisoned (-2 -> -6), beast-form
A: beast (slay +2), very small, claws 1, fangs 3, see invisible, shaggy fur 2,
stealthy paws, no weapons or thrown items, no armour, multi-lived, cold
vulnerability 1
a: Begin Untransformation


You were on level 6 of the Dungeon.
You were a hulking beast.
You visited 2 branches of the dungeon, and saw 7 of its levels.

You collected 281 gold pieces.

Inventory:

Jewellery
 d - an amulet of faith
 f - an amulet of magic regeneration
 l - a ring of protection from fire (left paw)
 m - a +4 ring of protection (right paw)
 t - a ring of magical power
 B - a ring of wizardry
Talismans
 b - a beast talisman
 c - a flux talisman
Scrolls
 g - a scroll of fear {unknown}
 h - 10 scrolls of identify {unknown}
 j - a scroll of acquirement {unknown}
 n - a scroll of blinking {unknown}
 p - 3 scrolls of teleportation {unknown}
 q - 3 scrolls of poison {unknown}
 r - a scroll of enchant weapon {unknown}
 s - 2 scrolls of noise {unknown}
 v - a scroll of brand weapon {unknown}
 w - a scroll of fog {unknown}
 x - 2 scrolls of torment {unknown}
 y - a scroll of revelation {unknown}
 z - a scroll of vulnerability {unknown}
Potions
 e - a potion of resistance {unknown}
 i - a potion of mutation
 k - 2 potions of curing {unknown}
 o - a potion of invisibility {unknown}
 u - a potion of haste {unknown}
 A - a potion of brilliance {unknown}
 C - a potion of attraction {unknown}


   Skills:
 + Level 4.3 Fighting
 + Level 6.2 Dodging
 * Level 7.5 Stealth
 + Level 5.1 Unarmed Combat
 + Level 5.0 Translocations
 + Level 4.3 Shapeshifting


You had 7 spell levels left.
You didn't know any spells.
Your spell library contained the following spells:

 Spells                   Type           Power      Damage    Failure   Level
 Kiss of Death            Conj/Necr      0%         2d5       26%         1
 Mercury Vapours          Alch/Air       0%         N/A       38%         2
 Scorch                   Fire           0%         2d5       38%         2
 Confusing Touch          Hex            0%         N/A       63%         3
 Mephitic Cloud           Conj/Alch/Air  0%         N/A       63%         3
 Dispel Undead            Necr           0%         3d6       95%         4
 Flame Wave               Conj/Fire      0%         2d4       95%         4
 Freezing Cloud           Conj/Ice/Air   0%         6-21      100%        5
 Summon Cactus Giant      Summ           0%         N/A       100%        6


Dungeon Overview and Level Annotations

Branches:
Dungeon (6/15)             Temple (1/1) D:6

Altars:
Ashenzari
Cheibriados
Elyvilon
Fedhas
Hepliaklqana
Kikubaaqudgha
Makhleb
Nemelex Xobeh
Okawaru
Qazlal
Ru
Sif Muna
Trog
Uskayaw
Vehumet
Wu Jian
Zin
The Shining One

Shops:
D:3 =

Annotations:
D:4 2 runed translucent doors, Malachi's ghost, amateur OnAE
D:6 Jeremiah


Innate Abilities, Weirdness & Mutations

You are a hulking beast.
Your limbs bulge with bestial killing power. (Slay +2)
You have sharp claws.
You have razor-sharp teeth.
You have supernaturally acute eyesight. (SInv)
You are covered in thick fur. (AC +2)
Your paws help you pounce on unaware monsters.
You are incapable of wielding weapons or throwing items.
You cannot wear armour.
You gain extra lives every three experience levels.
You are vulnerable to cold. (rC-)


Message History

The killer bee is moderately wounded.
The killer bee completely misses you. x2
You miss the killer bee. You bite the killer bee.
The killer bee is heavily wounded.
The killer bee barely misses you. The killer bee misses you.
You scratch the killer bee.
The killer bee is heavily wounded.
The killer bee completely misses you. The killer bee closely misses you.
You scratch the killer bee.
The killer bee is severely wounded.
The killer bee stings you.
You are poisoned.
The killer bee poisons you!
The killer bee stings you but does no damage.
You miss the killer bee.
The killer bee is severely wounded.
You feel sick. The killer bee completely misses you.
You claw the killer bee!
You kill the killer bee!
You feel sick.
The killer bee stings you but does no damage.
You miss the killer bee. Your bite misses the killer bee.
You feel sick. The killer bee stings you. x2
* * * LOW HITPOINT WARNING * * *
You are lethally poisoned!
The killer bee poisons you!
You scratch the killer bee.
The killer bee is moderately wounded.
* * * LOW HITPOINT WARNING * * *
You feel sick. The killer bee misses you.
The killer bee stings you but does no damage.
You claw the killer bee!
The killer bee is severely wounded.
* * * LOW HITPOINT WARNING * * *
You feel sick. The killer bee closely misses you. x2
You miss the killer bee.
The killer bee is severely wounded.
* * * LOW HITPOINT WARNING * * *
You feel sick. The killer bee stings you.
You die...

##........[... #####
##...##...... ..!..###
##...#####.. .......##
##...## ##. .....$....#
#....###<. ..........##
##....#..# .#.....#...#
##.....## )#.?o(.#[So####
###...## ####[o.#oooyh.###
##.....#
$#.[.yy#?oo##...####...#..##
S#.....#.o.####.##...####..#
...o......## #.#..### #..#
..o.......#####...## #..#
.........##.#...### ##.#
##..(..###.(..### #.#
#######....### ### #......##


You could see a killer bee, an orc priest, an orc wizard, an adder and 5 orcs.

Vanquished Creatures
  Eustachio (D:6)
  A water moccasin (D:5)
  A black bear (D:5)
  A centaur (D:5)
  2 phantoms
  A bullfrog (D:6)
  A scorpion (D:6)
  5 killer bees (D:6)
  A bombardier beetle (D:6)
  2 jellies
  A gnoll bouda (D:4)
  4 hounds
  An orc priest (D:6)
  2 sleepcaps
  An iguana (D:4)
  Natasha (thrice) (D:3)
  An orc wizard (D:6)
  6 adders
  3 gnolls (D:3)
  3 dart slugs
  A ribbon worm (D:2)
  7 orcs
  5 ball pythons
  8 endoplasms
  4 giant cockroaches
  4 goblins
  10 hobgoblins
  4 jackals (D:1)
  4 kobolds
  5 quokkas
  5 bats
  2 frilled lizards (D:3)
  5 rats
105 creatures vanquished.

Notes
Turn   | Place    | Note
-------+----------+-------------------------------------------
     0 | D:1      | Descartes the Felid Shapeshifter began the quest for the
                  | Orb.
     0 | D:1      | Reached XP level 1. HP: 10/10 MP: 2/2
    33 | D:1      | Slain by a jackal
    33 | D:1      | Lost a life (0 lives remaining)
    49 | D:1      | Reached XP level 2. HP: 4/14 MP: 3/3
   639 | D:1      | Found a faded altar of an unknown god.
   758 | D:2      | Reached XP level 3. HP: 18/18 MP: 4/4
  1231 | D:2      | Reached skill level 1 in Stealth
  1391 | D:3      | Reached XP level 4. HP: 19/23 MP: 5/5
  1391 | D:3      | Gained a life (1 life remaining)
  1421 | D:3      | Noticed Natasha
  1427 | D:3      | Killed Natasha
  1549 | D:3      | Noticed Natasha
  1562 | D:3      | Killed Natasha
  1563 | D:3      | Reached skill level 2 in Stealth
  1619 | D:3      | Reached skill level 1 in Translocations
  1659 | D:3      | Reached XP level 5. HP: 21/26 MP: 6/6
  1751 | D:3      | Found Suizep's Jewellery Shoppe.
  2012 | D:3      | Noticed Natasha
  2025 | D:3      | Killed Natasha
  2220 | D:4      | Found a runed translucent door.
  2229 | D:4      | Reached skill level 3 in Stealth
  2231 | D:4      | Noticed Malachi's ghost (amateur OnAE)
  2322 | D:4      | Found a runed translucent door.
  2409 | D:4      | Gained mutation: You are covered in thick fur. (AC +2)
                  | [Felid growth]
  2409 | D:4      | Reached XP level 6. HP: 32/32 MP: 7/7
  3054 | D:4      | Reached skill level 4 in Stealth
  3101 | D:5      | Entered Level 5 of the Dungeon
  3174 | D:5      | Noticed a water moccasin
  3198 | D:5      | Killed a water moccasin
  3199 | D:5      | Reached XP level 7. HP: 36/36 MP: 8/8
  3199 | D:5      | Gained a life (2 lives remaining)
  3230 | D:5      | Reached skill level 5 in Dodging
  3298 | D:5      | Reached skill level 5 in Stealth
  3602 | D:6      | Noticed Jeremiah
  3635 | D:6      | Reached skill level 6 in Stealth
  3660 | D:6      | Killed from afar by Jeremiah
  3660 | D:6      | Lost a life (1 life remaining)
  3735 | D:6      | Noticed Eustachio
  3781 | D:6      | HP: 1/37 [Eustachio/+0 falchion (9)]
  3784 | D:6      | Gained mutation: You are vulnerable to cold. (rC-) [potion
                  | of mutation]
  3792 | D:6      | Slain by Eustachio
  3792 | D:6      | Lost a life (0 lives remaining)
  3822 | D:6      | Killed Eustachio
  3823 | D:6      | Reached XP level 8. HP: 37/42 MP: 9/9
  3948 | D:6      | Found a broken altar of Ashenzari.
  3962 | D:6      | Found a staircase to the Ecumenical Temple.
  3980 | Temple   | Entered the Ecumenical Temple
  4058 | D:6      | Reached skill level 7 in Stealth
  4065 | D:6      | Reached skill level 5 in Unarmed Combat
  4075 | D:6      | Reached skill level 5 in Translocations
  4085 | D:6      | Slain by a killer bee

Illustrated notes

Levels and vault maps discovered:
D:1:      orjb1_lava_funnel, layout_loops_ring,
          hellmonk_ecumenical_altar_inner_sanctum
D:2:      layout_loops_cross, minmay_misc_feat_columns, feat_on_display
D:3:      layout_basic, serial_shops, shop, serial_bayou_pond_c, uniq_natasha
D:4:      layout_loops_ring, ebering_ghost_sewer_f, minmay_box_of_dots
D:5:      layout_rooms, kennysheep_generic_room_13
D:6:      layout_cave_pods, ashenzari_altar_1, minmay_temple_entry_proselytizer,
          minmay_misc_feat_secret_circle, grunt_potential, uniq_eustachio,
          uniq_jeremiah
Temple:   minmay_temple_bridge_d

Skill      XL: |  1  2  3  4  5  6  7  8 |
---------------+-------------------------+-----
Dodging        | 3 4 5 6 |  6.2
Shapeshifting  | 3 4 |  4.3
Fighting       | 2 3 4 |  4.3
Stealth        | 1 2 3 4 6 7 |  7.5
Translocations | 1 2 3 4 5 |  5.0
Unarmed Combat | 4 5 |  5.1

Action                     |  1- 3 |  4- 6 |  7- 9 || total
---------------------------+-------+-------+-------++-------
  Melee: Unarmed           |   113 |   160 |   186 ||   459
         Bite              |     8 |    22 |    20 ||    50
         Punch             |     2 |     8 |     8 ||    18
    Use: Potion            |       |       |     5 ||     5
   Stab: Sleeping          |     3 |     7 |     4 ||    14
 Armour: Skin              |    45 |    46 |   133 ||   224
  Dodge: Dodged            |   101 |   113 |   262 ||   476

Table legend: (Time is in decaauts)
 A = Elapsed time spent in this place.
 B = Non-inter-level travel time spent in this place.
 C = Inter-level travel time spent in this place.
 D = Time resting spent in this place.
 E = Time spent auto-exploring this place.
 F = Levels seen in this place.
 G = Mean time per level.
                   A        B        C        D        E       F      G
               +--------+--------+--------+--------+--------+-----+--------+
         Total |   4054 |   3884 |    170 |      0 |   3023 |   7 |  579.1 |
       Dungeon |   4052 |   3882 |    170 |      0 |   3023 |   6 |  675.3 |
        Temple |      1 |      1 |      0 |      0 |      0 |   1 |    1.0 |
               +--------+--------+--------+--------+--------+-----+--------+

Top non-repeatable levels by time:
     D:4: 902 daAuts
     D:3: 811 daAuts
     D:1: 735 daAuts
     D:2: 639 daAuts
     D:6: 484 daAuts
     D:5: 478 daAuts
  Temple: 1 daAuts
